 Dungeon Crawl Stone Soup version 0.22-a0-135-g6f012ad (webtiles) character file.

68 sankara the Insei (level 4, 0/35 HPs)
             Began as a Draconian Transmuter on Jan 31, 2018.
             Slain by a gnoll
             ... wielding a +0 whip
              (8 damage)
             ... on level 3 of the Dungeon.
             The game lasted 00:05:43 (1806 turns).

sankara the Insei (Draconian Transmuter)            Turns: 1806, Time: 00:05:44

Health: 0/35       AC:  7    Str: 12    XL:     4   Next: 1%
Magic:  0/7        EV: 12    Int: 14    God:
Gold:   29         SH:  0    Dex: 12    Spells: 1/7 levels left

rFire    . . .     SeeInvis .     - Unarmed
rCold    . . .     Gourm    .   (no shield)
rNeg     + . .     Faith    .   (armour unavailable)
rPois    .         Spirit   .   (helmet restricted)
rElec    .         Reflect  .   g - +1 cloak
rCorr    .         Harm     .   (no gloves)
MR       .....                  (boots currently unavailable)
Stlth    +.........             (no amulet)
HPRegen  0.11/turn              p - ring of positive energy
MPRegen  0.10/turn              (no ring)

@: appendage (expiring), very slightly contaminated
A: unfitting armour, talons 3, cold-blooded, AC +5
a: End Transformation


You were on level 3 of the Dungeon.
You were not hungry.
You had grown temporary talons.
You visited 1 branch of the dungeon, and saw 3 of its levels.

You collected 29 gold pieces.

Inventory:

Missiles
 a - 12 arrows
 m - 2 throwing nets (quivered)
 q - 15 poisoned needles
Armour
 g - a +1 cloak (worn)
Jewellery
 p - a ring of positive energy (left hand)
Scrolls
 d - a scroll of teleportation {unknown}
 h - 4 scrolls of remove curse {unknown}
 i - a scroll of fear {unknown}
 k - a scroll of amnesia {unknown}
 l - a scroll of identify {unknown}
 r - a scroll of immolation {unknown}
Potions
 e - a potion of resistance {unknown}
 f - 2 potions of brilliance {unknown}
 j - 2 potions of curing {unknown}
 n - a potion of cancellation {unknown}
Books
 b - a book of Changes

   Spells                             Type                      Level
   a - Beastly Appendage              Transmutation                1
   b - Sticks to Snakes               Transmutation                2
   c - Spider Form                    Transmutation/Poison         3
   d - Ice Form                       Ice/Transmutation            4
   e - Blade Hands                    Transmutation                5
Comestibles
 c - 7 rations


   Skills:
 - Level 1.1 Fighting
 - Level 1.7 Dodging
 + Level 4.0 Unarmed Combat
 - Level 2.0 Spellcasting
 + Level 3.3 Transmutations


You had one spell level left.
You knew the following spells:

 Your Spells              Type           Power        Failure   Level  Hunger
a - Beastly Appendage     Tmut           ##....       6%          1    ##.....
b - Sticks to Snakes      Tmut           ##......     9%          2    ###....
c - Spider Form           Tmut/Pois      #.........   34%         3    ####...


Dungeon Overview and Level Annotations

Branches:
Dungeon (3/15)

Altars:


Innate Abilities, Weirdness & Mutations

Your plain brown scales are hard. (AC +5)
You cannot fit into any form of body armour.
You are cold-blooded and may be slowed by cold attacks.
You have claws for feet.


Message History

Casting: Beastly Appendage (safe; 6% risk of failure)
Confirm with . or Enter, or press ? or * to list all spells.
Your feet morph into talons.
You are too injured to fight recklessly!
You are too injured to fight recklessly!
You are too injured to fight recklessly!
You are too injured to fight recklessly!
You are too injured to fight recklessly!
You hit the gnoll.
The gnoll is heavily wounded.
The gnoll closely misses you.
You barely miss the gnoll.
The gnoll is heavily wounded.
The gnoll hits you with a whip.
* * * LOW HITPOINT WARNING * * *
You hit the gnoll. You claw the gnoll.
The gnoll is almost dead.
Your transformation is almost over.
The gnoll hits you with a whip!
You die...

###### #..... #.####
############ #.#
#....g@....# #.#
#.########.#######.#
## #.# #.........#
#. #.# #########.#
#. #.# #.# #. #.#
#.# #รท #.#
##############.###.
..#
#..................
.##
#..................


You could see a gnoll.

Vanquished Creatures
  2 gnolls (D:3)
  A worm (D:2)
  2 dart slugs
  4 leopard geckos
  3 bats
  5 hobgoblins
  6 jackals
  2 kobolds
  A quokka (D:2)
  A ball python (D:3)
  A frilled lizard (D:1)
  5 goblins
  2 rats
35 creatures vanquished.

Notes
Turn   | Place    | Note
-------+----------+-------------------------------------------
     0 | D:1      | sankara the Draconian Transmuter began the quest for the Orb.
     0 | D:1      | Reached XP level 1. HP: 16/16 MP: 3/3
   131 | D:1      | Reached XP level 2. HP: 23/23 MP: 3/5
   135 | D:1      | Learned a level 2 spell: Sticks to Snakes
   974 | D:2      | Reached XP level 3. HP: 22/28 MP: 4/6
  1247 | D:3      | Learned a level 3 spell: Spider Form
  1647 | D:3      | Reached skill level 4 in Unarmed Combat
  1709 | D:3      | Reached XP level 4. HP: 31/35 MP: 5/7
  1806 | D:3      | Slain by a gnoll

Vault maps used:
D:1:      saegor_arrival_simple_a, corexii_leaking_fountain
D:3:      nicolae_overflow_crystal_walls, uniq_crazy_yiuf_cottage

Skill      XL: |  1  2  3 |
---------------+----------+-----
Transmutations | 3 |  3.3
Unarmed Combat | 4 |  4.0
Fighting       | |  1.1
Dodging        | |  1.7
Spellcasting   | |  2.0

Action                   |  1- 3 |  4- 6 || total
-------------------------+-------+-------++-------
Melee: Unarmed           |   141 |    11 ||   152
       Kick              |    10 |     1 ||    11
       Tailslap          |     9 |       ||     9
       Headbutt          |     3 |       ||     3
       Punch             |     1 |       ||     1
 Cast: Beastly Appendage |    19 |     1 ||    20
       Spider Form       |     2 |       ||     2
  Eat: Chunk             |     3 |     1 ||     4
Armor: Skin              |    35 |     1 ||    36
Dodge: Dodged            |   101 |     4 ||   105

Table legend:
 A = Spawn XP
 B = Non-spawn XP
 C = Spawn XP percentage of total XP
 D = Spawn monster count
 E = Non-spawn monster count
 F = Spawn count percentage of total count
 G = Total turns spent on level
                    A         B        C        D         E        F      G
               +---------+---------+-------+---------+---------+-------+---------
         Total |       0 |      98 |   0.0 |       0 |      35 |   0.0 |  1806
               +---------+---------+-------+---------+---------+-------+---------
           D:1 |       0 |      26 |   0.0 |       0 |      15 |   0.0 |   659
           D:2 |       0 |      26 |   0.0 |       0 |      11 |   0.0 |   864
           D:3 |       0 |      46 |   0.0 |       0 |       9 |   0.0 |   283
               +---------+---------+-------+---------+---------+-------+---------
